[Event "Early-Titled-Tuesday-Blitz-February-20-2024"]
[Site "Chess.com"]
[Date "2024.02.20"]
[Round "1"]
[White "CaspiIsrael"]
[Black "Matols"]
[Result "1-0"]
[WhiteElo "2712"]
[BlackElo "2376"]
[TimeControl "180+1"]
[EndTime "8:08:36 PST"]
[Termination "CaspiIsrael won on time"]

1. d4 d5 2. c4 e6 3. Nf3 Nf6 4. g3 Bb4+ 5. Bd2 Be7 6. Qc2 O-O 7. Bg2 Nbd7 8. O-O c6 9. Bf4 b6 10. Nc3 Nh5 11. Bc1 dxc4 12. Nd2 Bb7 13. Nxc4 Qc7 14. Rd1 Rfd8 15. Bf3 Ndf6 16. Ne5 c5 17. Nb5 Qb8 18. Nc6 Bxc6 19. Bxc6 cxd4 20. Rxd4 Rc8 21. Rc4 a6 22. Bxa8 Rxc4 23. Qxc4 axb5 24. Qc6 Nd5 25. Bd2 Bc5 26. e3 Nhf6 27. Qb7 Qd8 28. Rd1 Ne4 29. Be1 h5 30. b4 Bf8 31. Qa7 h4 32. Bc6 Qf6 33.
gxh4 Qf3 34. Rc1 Nxe3 35. Bxe4 Qxe4 36. fxe3 Qxe3+ 37. Kf1 Qxc1 38. Qxb6 Qc4+ 39. Kg2 Qxa2+ 40. Kh3 Qb3+ 41. Bg3 Qc4 42. h5 f5 43. Kg2 Qe2+ 44.
Bf2 Qe4+ 45. Kg1 Bxb4 46. Qb8+ Kh7 47. Qxb5 Be7 48. Qe8 Bf6 49. Qg6+ Kg8 50. Qe8+ Kh7 51. h3 Qb1+ 52. Kh2 Qc2 53. Qg6+ Kg8 54. Qg3 Qe4 55. Kg1 Be5 56. Qb3 Qf4 57. Qxe6+ Kh7 58. Qg6+ Kg8 59. h6 Qxh6 60. Qe8+ Kh7 61. Qxe5 Qg5+ 62. Kh2 Qg6 63. Bd4 Qg5 64. Be3 Qg6 65. Qf4 1-0

[Event "Early-Titled-Tuesday-Blitz-February-20-2024"]
[Site "Chess.com"]
[Date "2024.02.20"]
[Round "1"]
[White "Larina_Maria"]
[Black "Kotlyar_K"]
[Result "1-0"]
[WhiteElo "2292"]
[BlackElo "2609"]
[TimeControl "180+1"]
[EndTime "8:08:42 PST"]
[Termination "Larina_Maria won by resignation"]

1. e4 e5 2. Nf3 Nc6 3. Nc3 Nf6 4. Bb5 Bb4 5. O-O O-O 6. d3 d6 7. Ne2 h6 8. c3 Bc5 9. Ng3 Bg4 10. h3 Bxf3 11. Qxf3 Ne7 12. Be3 c6 13. Ba4 Qb6 14.
Rab1 a5 15. Bc2 Bxe3 16. fxe3 d5 17. Kh2 Rad8 18. Rfd1 d4 19. exd4 exd4 20. c4 Qc7 21. Kh1 b5 22. b3 b4 23. Rf1 Qe5 24. Bd1 c5 25. Be2 Ra8 26. Bd1 Qe6 27. Ne2 Nd7 28.
Nf4 Qd6 29. Qg3 Ng6 30. Kh2 Nxf4 31. Rxf4 f6 32. Rg4 Qe7 33. Rg6 Ne5 34. Rxh6 f5 35.
exf5 Rxf5 36. Rh5 Raf8 37. Rxf5 Rxf5 38. Be2 Rg5 39. Qf2 Qd6 40. Kh1 Qg6 41. Rf1 Nxd3 42.
Qf8+ Kh7 43. Bxd3 Qxd3 44. Qf4 Qg6 45. Qh4+ Kg8 46. Qf2 d3 47. Rd1 Rg3 48. Qxc5 Rxg2 49. Qd5+ Kh7 50. Qxg2 Qf5 51. Rd2 g6 52. Kh2 Qf4+ 53.
Kh1 Qf5 54. Rf2 Qe5 55. Qf1 Qg7 56. Rf7 d2 57. Rxg7+ Kxg7 58. Qe2 1-0

[Event "Early-Titled-Tuesday-Blitz-February-20-2024"]
[Site "Chess.com"]
[Date "2024.02.20"]
[Round "1"]
[White "Rud_2008"]
[Black "Smile2005"]
[Result "1/2-1/2"]
[WhiteElo "2727"]
[BlackElo "2406"]
[TimeControl "180+1"]
[EndTime "8:08:45 PST"]
[Termination "Game drawn by repetition"]

1. e4 c5 2. Nf3 e6 3. b3 a6 4. Bb2 b5 5. d4 cxd4 6. Nxd4 Bb7 7. Bd3 Nf6 8. Qe2 Bc5 9. Nd2 Nc6 10. N2f3 Rc8 11. O-O Qb6 12. Nxc6 Bxc6 13. Rad1 h6 14. h3 d6 15. e5 dxe5 16. Nxe5 Ba8 17. Ng4 Qb7 18.
Nxf6+ gxf6 19. Qg4 Ke7 20. Qg7 Qxg2+ 21. Qxg2 Rhg8 22.
Qg4 h5 23. Bh7 hxg4 24. Bxg8 Rxg8 25. h4 g3 26. Bd4 gxf2+ 27. Kxf2 Rg2+ 28. Ke3 Bxd4+ 29. Rxd4 Rxc2 30. Rf2 Rc3+ 31. Kd2 Rh3 32. Kc1 f5 33.
Kb2 Be4 34. Rd1 Rxh4 35. Rc1 Kd6 36. Rd2+ Bd5 37. Rg1 f4 38. Rc2 f3 39. Rf1 f5 40.
Rd2 Ke5 41. Re1+ Re4 42. Rf1 Re2 43. Rxe2+ fxe2 44. Re1 Bf3 45. Kc3 Ke4 46. Kd2 Bg4 47.
Rg1 e5 48. Ke1 Kf3 49. a4 bxa4 50. bxa4 Ke3 51. a5 Bf3 52. Rg6 f4 53. Rxa6 Be4 54.
Rf6 f3 55. a6 Bd5 56. a7 e4 57. Rf8 Ba8 58. Rf7 Kd3 59. Rd7+ Ke3 60. Rf7 Bd5 61. Rf8 Ba8 62. Rf6 Bb7 63. Rf8 Kd4 64. Rf7 Ba8 65. Rf8 Ke3 1/2-1/2

[Event "Early-Titled-Tuesday-Blitz-February-20-2024"]
[Site "Chess.com"]
[Date "2024.02.20"]
[Round "1"]
[White "bazar-wokzal"]
[Black "Carlitus2004"]
[Result "1-0"]
[WhiteElo "2696"]
[BlackElo "2364"]
[TimeControl "180+1"]
[EndTime "8:08:45 PST"]
[Termination "bazar-wokzal won on time"]

1. e4 Nc6 2. d4 d5 3. e5 Bf5 4.
Bb5 e6 5. c3 Ne7 6. Be3 a6 7.
Ba4 b5 8. Bc2 Bxc2 9. Qxc2 Nf5 10. Nd2 Nb8 11. a4 Nd7 12. b4 a5 13. axb5 axb4 14.
Rxa8 Qxa8 15. Ne2 bxc3 16. Qxc3 Qb7 17. Qd3 Bb4 18. O-O Nxe3 19. fxe3 Bxd2 20. Qxd2 Qxb5 21. Nf4 O-O 22. Nh5 c5 23. Rf4 Qb1+ 24. Rf1 Qg6 25. Nf4 Qe4 26. Ne2 Rb8 27. Nc3 Qg6 28.
Rf3 Ra8 29. Rg3 Qf5 30. Rf3 Qg5 31. Rg3 Qh4 32. Ne2 Ra1+ 33. Kf2 Ra8 34. Kg1 g6 35.
Rf3 Ra1+ 36. Nc1 Qe4 37. Rf1 Qb1 38. Qe2 cxd4 39. exd4 Qe4 40. Qxe4 dxe4 41. Ne2 Rxf1+ 42. Kxf1 f5 43. Kf2 Nb6 44. Nf4 Kf7 45. h4 Nd5 46. Nxd5 exd5 47. g3 Ke6 48. Ke3 h6 49. Kf4 Kf7 50.
Ke3 g5 51. hxg5 hxg5 52. Ke2 f4 53. gxf4 gxf4 54. Kf2 Ke6 55. Ke2 Kf5 56. Kf2 Kg5 57. Ke2 f3+ 58. Ke3 Kf5 59. Kf2 Kf4 60. e6 e3+ 61. Kf1 f2 62. e7 Kf3 63. e8=Q Kf4 64.
Qe5+ Kf3 65. Qxd5+ Kf4 66. Qe5+ Kf3 67. d5 1-0

[Event "Early-Titled-Tuesday-Blitz-February-20-2024"]
[Site "Chess.com"]
[Date "2024.02.20"]
[Round "1"]
[White "MasterKroket"]
[Black "VladimirKramnik"]
[Result "0-1"]
[WhiteElo "2510"]
[BlackElo "2949"]
[TimeControl "180+1"]
[EndTime "8:08:46 PST"]
[Termination "VladimirKramnik won by resignation"]

1. e4 c5 2. Nf3 d6 3. d4 cxd4 4. Nxd4 Nf6 5. Nc3 a6 6. Be3 e5 7.
Nb3 Be7 8. f3 Be6 9. Qd2 h5 10.
O-O-O Nbd7 11. Kb1 Rc8 12. Nd5 Bxd5 13. exd5 Nb6 14.
Bxb6 Qxb6 15. c4 O-O 16. Bd3 e4 17. fxe4 Ng4 18. Qe2 Bf6 19. c5 Rxc5 20. h3 Ne5 21. Nxc5 Qxc5 22. Bc2 g6 23. g4 h4 24. Bb3 a5 25.
Rhf1 Bg7 26. Qf2 Qb5 27. Qc2 Qb6 28. Qf2 Qb4 29. Qd4 Qxd4 30. Rxd4 Nxg4 31. Ra4 Ne5 32. Rxa5 Nd3 33. Rb5 Nxb2 34. Rf3 Rb8 35. Rb4 b5 36. a4 Be5 37. axb5 Rb6 38. Bc2 Kg7 39. Rxb2 Bxb2 40. Kxb2 Rxb5+ 41. Kc3 Rc5+ 42. Kd3 Ra5 43. Bb3 Ra1 44. Kc4 Re1 45. Bc2 Rc1 46. Rc3 Rg1 47. Kb5 Rg3 48. Rd3 Kf6 49. Kc6 Ke5 50. Kd7 f5 51. exf5 gxf5 52. Ke7 f4 53. Rd2 Rxh3 54.
Ba4 Re3 55. Bd1 f3 56. Rh2 Kf4+ 57. Kxd6 Kg3 58. Rh1 f2 59. Rf1 Re1 60. Rxf2 Kxf2 61. Bg4 Kg3 62. Bd7 Kf4 63. Kc7 Rc1+ 64. Kb6 Ke5 65.
Be6 Kd6 66. Kb5 Rc5+ 67. Kb4 Rxd5 68. Bh3 Rd3 69. Bc8 h3 70. Kc4 h2 71. Bb7 Rd1 72. Kc3 h1=Q 73. Bxh1 Rxh1 0-1

[Event "Early-Titled-Tuesday-Blitz-February-20-2024"]
[Site "Chess.com"]
[Date "2024.02.20"]
[Round "1"]
[White "WiseKing_08"]
[Black "BardArtem"]
[Result "0-1"]
[WhiteElo "2441"]
[BlackElo "2780"]
[TimeControl "180+1"]
[EndTime "8:08:47 PST"]
[Termination "BardArtem won by resignation"]

1. e4 e5 2. Nf3 Nc6 3. Bb5 Nge7 4. O-O Ng6 5. d4 exd4 6. Nxd4 Bc5 7. Be3 Nxd4 8. Bxd4 Qg5 9. Bxc5 Qxc5 10. Nc3 O-O 11. Kh1 d6 12. f4 f5 13. Qd5+ Qxd5 14. exd5 Kf7 15. g3 a6 16. Bd3 Bd7 17. a4 Rae8 18. Rfe1 Ne7 19. a5 Ng8 20. Kg2 Nf6 21. Kf3 h6 22. h3 g5 23. fxg5 hxg5 24. h4 gxh4 25. gxh4 Ng4 26. Kf4 Ne5 27. Rg1 Kf6 28. h5 Rg8 29.
Be2 Nf7 30. Bf3 Ng5 31. Rg3 c6 32. Rd1 c5 33. h6 Nf7 34. Rdg1 Rxg3 35. Rxg3 Nxh6 36.
Bh5 Rg8 37. Rh3 Ng4 38. Nd1 Ne5 39. Ne3 Rg1 40. Be2 Be8 41. Rh6+ Ng6+ 42. Kf3 Bd7 43.
Bd3 Ra1 44. Rh7 Rxa5 45. Rxd7 Ne5+ 46. Kf4 Nxd7 47. Nxf5 c4 48. Bxc4 Ra4 49. b3 Ra2 50. Nxd6 Rxc2 51. Nxb7 Ne5 52. Bxa6 Rc3 53. Bc4 Nxc4 54.
bxc4 Rxc4+ 55. Ke3 Ke5 56. Na5 Ra4 57. Nc6+ Kxd5 58.
Ne7+ Ke6 59. Ng6 Kf5 60. Ne7+ Ke5 61. Ng6+ Kf6 62. Nf4 Kf5 63. Nd5 Ke5 64. Nc3 Rh4 65. Kd3 Rg4 66. Ke3 Rg3+ 67. Kd2 Rh3 68. Kc2 Kd4 69.
Ne2+ Kc4 70. Kd2 Ra3 71. Ke1 Kd3 72. Kf2 Ra2 0-1

[Event "Early-Titled-Tuesday-Blitz-February-20-2024"]
[Site "Chess.com"]
[Date "2024.02.20"]
[Round "1"]
[White "jens1102"]
[Black "MdChess1734"]
[Result "1/2-1/2"]
[WhiteElo "2712"]
[BlackElo "2396"]
[TimeControl "180+1"]
[EndTime "8:08:52 PST"]
[Termination "Game drawn - insufficient material"]

1. c4 e5 2. g3 Nf6 3. Bg2 d5 4. cxd5 Nxd5 5. Nf3 Nc6 6. O-O Be7 7. d4 e4 8. Ne5 f5 9. Nxc6 bxc6 10. Qc2 Qd6 11.
Na3 O-O 12. Nc4 Qe6 13. f3 Nb4 14. Qb3 Ba6 15. Ne5 Qxb3 16. axb3 Bxe2 17. Rf2 exf3 18. Bxf3 Bxf3 19. Rxf3 c5 20. Nd7 Rfd8 21. Nxc5 Nc2 22.
Ra5 Nxd4 23. Rf2 Bxc5 24. Rxc5 Nxb3 25. Rxc7 Rd1+ 26. Rf1 Rad8 27. Bf4 Rxf1+ 28. Kxf1 a5 29. Be5 g6 30. Rg7+ Kf8 31. Rxh7 Rd5 32. Bc3 Rd3 33.
Ke2 Rd5 34. Rg7 Rd6 35. Ra7 Re6+ 36. Kf3 Rb6 37. h4 Ke8 38. Kf4 Kf8 39. Kg5 Ke8 40. Bf6 Nc5 41. Rxa5 Ne4+ 42. Kxg6 Rxf6+ 43. Kh5 Nxg3+ 44. Kg5 Ne4+ 45. Kf4 Nd6 46. h5 Re6 47. Kg5 Kf7 48.
Ra7+ Kg8 49. b4 Re4 50. Rd7 Nf7+ 51. Kf6 Rxb4 52. Ra7 Rb6+ 53. Kxf5 Rb5+ 54. Kg6 Rb6+ 55. Kf5 Kg7 56. Ra5 Rh6 57. Kg4 Re6 58. Ra7 Re4+ 59. Kf5 Re5+ 60. Kg4 Rg5+ 61. Kh4 Rg1 62. Ra6 Ne5 63.
Ra5 Kf6 64. Ra6+ Kf5 65. h6 Rh1+ 66. Kg3 Ng6 67. Ra5+ Kf6 68. Ra6+ Kf7 69. Ra7+ Kg8 70. Rg7+ Kh8 71. Ra7 Rg1+ 72. Kf3 Rb1 73. Kg4 Rb5 74. Rg7 Ne5+ 75. Kf5 Nf7+ 76. Kg6 Nxh6 77. Rh7+ Kg8 78.
Rg7+ Kh8 79. Rh7+ Kg8 80. Ra7 Rb6+ 81. Kg5 Nf7+ 82. Kf5 Kg7 83. Rc7 Rf6+ 84. Kg4 Kg6 85. Ra7 Nh6+ 86. Kh4 Rf4+ 87. Kg3 Kg5 88. Rg7+ Kf6 89.
Kxf4 Kxg7 1/2-1/2

[Event "Early-Titled-Tuesday-Blitz-February-20-2024"]
[Site "Chess.com"]
[Date "2024.02.20"]
[Round "1"]
[White "sokidze"]
[Black "GM_Huschenbeth"]
[Result "0-1"]
[WhiteElo "2780"]
[BlackElo "2483"]
[TimeControl "180+1"]
[EndTime "8:08:54 PST"]
[Termination "GM_Huschenbeth won by resignation"]

1. d4 Nf6 2. c4 e6 3. Nf3 d5 4. g3 dxc4 5. Bg2 Bb4+ 6. Bd2 a5 7. Qc2 Bxd2+ 8. Qxd2 c6 9. a4 Ne4 10. Qc2 Nd6 11.
Ne5 Na6 12. Nd2 Nb4 13. Qc1 Nf5 14. Qxc4 Qxd4 15. Qxd4 Nxd4 16. Rc1 f6 17. Nec4 e5 18. Nb6 Rb8 19. Ndc4 Be6 20. Nxa5 Ke7 21. f3 Rhd8 22. Kf2 Nb3 23. Nxb3 Bxb3 24. Rc3 Be6 25. Ke3 Rd4 26. a5 Rbd8 27. Ra1 Rd2 28. Rb1 Nc2+ 29.
Kf2 Nd4 30. Re3 Bf5 31. Ra1 Rxb2 32. Rd1 Ra2 33. f4 Rxa5 34. Nc4 Rc5 35. Na3 Nc2 36. Rxd8 Kxd8 37. Nxc2 Bxc2 38. fxe5 fxe5 39. Ra3 Ke7 40. Ra8 Rb5 41. Rh8 Bg6 42. Rg8 Kf7 43.
Rc8 Rb2 44. Rc7+ Kf6 45. Ke3 Bh5 46. Bf3 Bxf3 47. Kxf3 Rb3+ 48. e3 h5 49. h4 g5 50.
Rh7 Kg6 51. Re7 gxh4 52. gxh4 Kf6 53. Rh7 Rb4 54. Rh6+ Kf5 55. Rxh5+ Kg6 56. Rxe5 Rxh4 57. Re7 Rb4 58. e4 Kf6 59. Rc7 Ke5 60. Re7+ Kd6 61. Rh7 Rb1 62. Ke3 b5 63. Rh6+ Kc5 64. Rh5+ Kc4 65. e5 Re1+ 66. Kf4 b4 67. Kf5 b3 68.
Rh8 b2 0-1

[Event "Early-Titled-Tuesday-Blitz-February-20-2024"]
[Site "Chess.com"]
[Date "2024.02.20"]
[Round "1"]
[White "paladin_ll"]
[Black "averageFM"]
[Result "0-1"]
[WhiteElo "2219"]
[BlackElo "2598"]
[TimeControl "180+1"]
[EndTime "8:08:57 PST"]
[Termination "averageFM won on time"]

1. Nf3 d5 2. c4 e6 3. cxd5 exd5 4.
d4 h6 5. Nc3 Nf6 6. Bf4 Bd6 7.
Bxd6 Qxd6 8. e3 Bf5 9. Ne5 Nbd7 10. Nxd7 Qxd7 11. Bd3 O-O 12. O-O c6 13. a3 Ne8 14. Bxf5 Qxf5 15. Qf3 Qxf3 16. gxf3 Nd6 17. b3 f5 18. f4 Rae8 19. Kg2 Re6 20. Kf3 Kf7 21.
Rg1 Kf6 22. h4 Rc8 23. Rac1 Kf7 24. a4 Ree8 25. h5 a5 26. Rg6 Re6 27. Rcg1 Rxg6 28. Rxg6 Ne8 29. Rg1 Nf6 30. Rh1 Rb8 31. Kg3 b5 32. Rc1 Nxh5+ 33. Kf3 Nf6 34. Ra1 bxa4 35. Nxa4 Rxb3 36. Nc5 Rb2 37. Rxa5 Ng4 38. Ra7+ Kf6 39. Nd3 Rd2 40. Ne5 Rxf2+ 41. Kg3 Re2 42. Rf7+ Ke6 43.
Rxg7 Rxe3+ 44. Kg2 Nxe5 45. fxe5 f4 46. Rg6+ Kf5 47.
Rxc6 Ke4 48. Kf2 Kxd4 49. e6 Ke4 50. Ra6 Kf5 51. Ra5 Kxe6 52. Ra6+ Ke5 53. Rxh6 d4 54. Rh8 d3 55. Re8+ Kd4 56. Rd8+ Kc3 57. Rb8 Re2+ 58. Kf3 Rb2 59. Rc8+ Kb3 60. Kxf4 d2 61. Rd8 Kc2 62. Rc8+ Kb1 63. Rd8 Kc1 64. Rc8+ Rc2 65. Rd8 d1=Q 66. Rxd1+ Kxd1 67. Kf3 Kd2 68. Kf4 Rc3 69. Kf5 Kd3 0-1

[Event "Early-Titled-Tuesday-Blitz-February-20-2024"]
[Site "Chess.com"]
[Date "2024.02.20"]
[Round "1"]
[White "Ariadna_Atreides"]
[Black "CristianS27"]
[Result "1/2-1/2"]
[WhiteElo "2154"]
[BlackElo "2564"]
[TimeControl "180+1"]
[EndTime "8:08:59 PST"]
[Termination "Game drawn - insufficient material"]

1. d4 Nf6 2. Nf3 g6 3. c4 Bg7 4.
Nc3 O-O 5. e4 d6 6. h3 c5 7. d5 e6 8. Be3 exd5 9. exd5 Bf5 10. Bd3 Bxd3 11. Qxd3 Nbd7 12. O-O a6 13. a4 Re8 14. Bf4 Qc7 15. Rfe1 Rxe1+ 16. Rxe1 Re8 17. Rxe8+ Nxe8 18. Qe3 Qd8 19. Bg5 Bf6 20. Ne4 Bxg5 21. Nfxg5 Ndf6 22. Qf4 Qe7 23. Qh4 h5 24. Qf4 Kg7 25.
b3 Nd7 26. h4 Ne5 27. g3 Nd3 28.
Qe3 Ne5 29. Qf4 Qd7 30. Kg2 b6 31. a5 bxa5 32. Nxc5 Qe7 33. Nce4 a4 34. bxa4 Nxc4 35. Nc3 Ne5 36. Qd4 Qf6 37. Nce4 Qf5 38. f4 f6 39. fxe5 fxe5 40. Qc3 Nf6 41. Qc7+ Kh6 42. Nf7+ Kg7 43. Nfxd6+ Qd7 44. Qxd7+ Nxd7 45. Nb7 Kf7 46. Nbc5 Nb6 47. a5 Nxd5 48. Nxa6 Ne3+ 49. Kf3 Nc4 50. Nac5 Nxa5 51. Nd3 Nc4 52. Nec5 Kf6 53. Ke4 Nd6+ 54. Kd5 Nf5 55. Nxe5 Nxg3 56. Ncd7+ Kf5 57. Kd6 Ne4+ 58. Ke7 Nd2 59. Kf7 Kf4 60. Nxg6+ Kg4 61. Nde5+ Kg3 62. Kf6 Ne4+ 63. Kg7 Nd2 64. Kh6 Ne4 65. Kxh5 Nf6+ 66. Kg5 Nd5 67. Kf5 Ne3+ 68. Ke4 Ng4 69. h5 Nf6+ 70. Kf5 Nxh5 71. Kg5 Ng7 72. Kf6 Ne8+ 73. Ke7 Nc7 74. Kd7 Nb5 75. Kc6 Nc3 76. Kc5 Ne2 77. Kd5 Nf4+ 78. Nxf4 1/2-1/2

[Event "Early-Titled-Tuesday-Blitz-February-20-2024"]
[Site "Chess.com"]
[Date "2024.02.20"]
[Round "1"]
[White "KorolDimitriy75"]
[Black "ValentunHulka"]
[Result "0-1"]
[WhiteElo "2425"]
[BlackElo "2772"]
[TimeControl "180+1"]
[EndTime "8:09:02 PST"]
[Termination "ValentunHulka won on time"]

1. d4 Nf6 2. c4 g6 3. Nc3 Bg7 4. e4 O-O 5. Nf3 d6 6. Be2 c5 7.
d5 e6 8. O-O exd5 9. cxd5 Re8 10.
Nd2 a6 11. a4 Nbd7 12. Re1 b6 13. Nc4 Qc7 14. Bf4 Ne5 15. Nxe5 dxe5 16. Be3 Rd8 17. Rc1 Ne8 18. Qd2 Nd6 19. f3 Bd7 20. a5 b5 21.
b4 c4 22. Bb6 Qb8 23. Bxd8 Qxd8 24. Kh1 h5 25. Qe3 Kh7 26. Rb1 Bh6 27. Qc5 Nb7 28. Qf2 Bd2 29. Rec1 Bxc1 30. Rxc1 Nd6 31. Qc5 Qe7 32. Bf1 h4 33. h3 Qg5 34. Rd1 Qe7 35.
Rb1 Rc8 36. Qa7 Qd8 37. Qxa6 Qc7 38. Qb6 Qxb6 39. axb6 Rb8 40. Ra1 Rxb6 41. Ra7 Rb7 42. Ra6 Ne8 43. Kg1 Ng7 44. Kf2 Nh5 45. Ke3 Kg7 46.
Ra5 Nf4 47. Ra8 Kf6 48. Ra6+ Ke7 49. Ra5 Rb6 50. Ra7 Kd6 51. Ra8 Nh5 52. Rf8 Ng3 53.
Be2 Ke7 54. Ra8 Kd6 55. Ra5 f5 56. Ra3 Ke7 57. Ra5 Kf6 58. Ra3 Nh5 59. Ra5 Nf4 60. Bf1 Ke7 61. Ra3 Nh5 62. Ra5 Nf6 63. Ra7 Ne8 64. Be2 Nd6 65. Ra5 Rb7 66. Ra6 Bc8 67. Ra5 Rb6 68. Ra8 Ra6 69. Rxa6 Bxa6 70. Kd2 Kf6 71. Ke3 Kg5 72. Bf1 Bc8 73. Be2 Bd7 74. Bf1 Ne8 75. Be2 Nc7 76. Bf1 Na6 77. Na2 Kf6 78. Be2 Kg7 79. Bf1 Bc8 80. Be2 Nb8 81. f4 Nd7 82. exf5 gxf5 0-1

[Event "Early-Titled-Tuesday-Blitz-February-20-2024"]
[Site "Chess.com"]
[Date "2024.02.20"]
[Round "1"]
[White "ACollins05"]
[Black "TemploVillamarin"]
[Result "1-0"]
[WhiteElo "2566"]
[BlackElo "2085"]
[TimeControl "180+1"]
[EndTime "8:09:03 PST"]
[Termination "ACollins05 won by checkmate"]

1. d4 g6 2. c4 Bg7 3. Nf3 c5 4. d5 Nf6 5. Nc3 e6 6. e4 exd5 7. cxd5 d6 8. Bd3 O-O 9. O-O Bg4 10. Bf4 a6 11. a4 Qc7 12. h3 Bxf3 13. Qxf3 Nbd7 14. Rfe1 Rfe8 15. Rac1 Nh5 16. Bh2 Ne5 17.
Bxe5 Bxe5 18. Nd1 Nf4 19. Bf1 Rab8 20. b4 Qd7 21. bxc5 dxc5 22. Ne3 Qxa4 23. Nc4 f6 24. g3 Nh5 25. Nxe5 fxe5 26. Rxc5 Rbc8 27. Rec1 Rxc5 28. Rxc5 Qd4 29. Qc3 Nf6 30. Qxd4 exd4 31. f3 Nd7 32. Rc4 Ne5 33. Rc7 Nxf3+ 34. Kg2 Nd2 35. Rxb7 Nxe4 36.
Bxa6 d3 37. Bxd3 Nc5 38. Bb5 Nxb7 39. Bxe8 Nd6 40. Bc6 Kf7 41. Kf3 Kf6 42. Kf4 h5 43. h4 Nf5 44. Ba4 Ne7 45. Bb3 Nf5 46. Bc2 Nd6 47. Ke3 g5 48. Kd4 gxh4 49. gxh4 Nf7 50.
Bd1 Kg6 51. Kc5 Kh6 52. Ba4 Kg7 53. Be8 Ne5 54. Bxh5 Kf6 55. Be2 Kg6 56. Kd6 Nf7+ 57. Ke6 Nd8+ 58. Ke7 Nb7 59. Bf3 Kf5 60. h5 Kg5 61.
Kd7 Nc5+ 62. Kc6 Nd3 63. Bd1 Ne5+ 64. Kd6 Nc4+ 65. Ke6 Ne3 66. d6 Nf5 67. d7 Ng7+ 68. Kf7 Kh6 69. d8=Q Ne6 70. Qf6+ Kh7 71. Qg6+ Kh8 72.
Qg8# 1-0

[Event "Early-Titled-Tuesday-Blitz-February-20-2024"]
[Site "Chess.com"]
[Date "2024.02.20"]
[Round "1"]
[White "Schattman"]
[Black "Abund"]
[Result "0-1"]
[WhiteElo "2435"]
[BlackElo "2774"]
[TimeControl "180+1"]
[EndTime "8:09:07 PST"]
[Termination "Abund won on time"]

1. d4 d5 2. Nf3 Nf6 3. Bf4 e6 4. e3 Bd6 5. Nbd2 O-O 6. c3 c5 7.
dxc5 Bxc5 8. Bd3 Nc6 9. O-O Bd6 10. Bxd6 Qxd6 11. e4 e5 12. exd5 Qxd5 13. Bc4 Qa5 14. Nb3 Qc7 15. h3 Bf5 16. Qe2 h6 17. Rad1 Rad8 18.
a4 Bh7 19. Rfe1 e4 20. Nfd4 Ne5 21. Nd2 a6 22. Ba2 Nd3 23. Rf1 Nxb2 24. Rc1 Nd3 25.
Rb1 Qxc3 26. N2b3 Rxd4 27. Nxd4 Qxd4 28. Rxb7 Qxa4 29. Ra1 Qd4 30. Rab1 Bg6 31. Qe3 Qa4 32. Bb3 Qc6 33. Ba2 a5 34. Rb8 Rxb8 35. Rxb8+ Kh7 36. Qd2 a4 37. Rb1 Qc5 38. Rb7 Nd5 39.
Bxd5 Qxd5 40. Ra7 Qd4 41. Qe3 Qc4 42. h4 h5 43. g4 hxg4 44. Ra5 f6 45. h5 Bf7 46.
Ra7 Bxh5 47. Qb6 Qc1+ 48. Kg2 Qf4 49. Qe3 Qxe3 50. fxe3 Be8 51. Ra8 Bc6 52. Ra6 Ne5 53. Kg3 Kg6 54. Kf4 Kh6 55. Ra7 Kg6 56. Ra5 Kf7 57.
Ra7+ Bd7 58. Ra5 Nc4 59. Ra7 Ke6 60. Kxe4 Nd6+ 61. Kf4 g5+ 62. Kxg4 Bc6 63. Kg3 Nf5+ 64. Kf2 Nd6 65. Ra6 Bb5 66. Ra5 Kd5 67. Ra7 Kc4 68.
Kg3 Kb3 69. Kg4 a3 70. Kh5 a2 71. Kg6 Ba4 72. Rb7+ Nb5 73. Kxf6 a1=Q+ 74. Kxg5 Qe5+ 75. Kg4 Qe4+ 0-1

[Event "Early-Titled-Tuesday-Blitz-February-20-2024"]
[Site "Chess.com"]
[Date "2024.02.20"]
[Round "1"]
[White "AlexPapasimakopoulos"]
[Black "koncheto"]
[Result "1-0"]
[WhiteElo "2778"]
[BlackElo "2441"]
[TimeControl "180+1"]
[EndTime "8:09:16 PST"]
[Termination "AlexPapasimakopoulos won by resignation"]

1. d4 Nf6 2. c4 e6 3. Nc3 c5 4. d5 exd5 5. cxd5 d6 6. Nf3 g6 7.
Bf4 a6 8. a4 Qe7 9. e3 Bg4 10.
Qb3 Nbd7 11. Nd2 Ne5 12. Bxe5 dxe5 13. h3 Bc8 14. Nc4 Qc7 15. Nb6 Rb8 16. a5 Bg7 17. Rd1 O-O 18. Be2 Rd8 19. O-O Ne8 20. Rd2 Nd6 21.
Rc1 Bd7 22. Nxd7 Rxd7 23. Qa3 Bf8 24. e4 c4 25. Qa2 Rc8 26. Rdc2 Nb5 27. Nxb5 axb5 28.
Rd1 Bb4 29. Ra1 Ra8 30. Qb1 Rxa5 31. Rxa5 Qxa5 32. g3 Bc5 33. Qc1 Bd4 34. h4 Qb4 35. h5 Qe7 36. h6 Qf6 37. Bf1 Qf3 38. Bg2 Qxg3 39. b3 c3 40. Qa1 Qg5 41. Qa8+ Qd8 42. Qxd8+ Rxd8 43. b4 Rc8 44. Bf1 Ra8 45. Bxb5 Ra1+ 46.
Kg2 Rb1 47. d6 Rxb4 48. d7 Bb6 49. Rxc3 Kf8 50. Rc8+ Ke7 51. Re8+ Kf6 52. d8=Q+ Bxd8 53. Rxd8 Rxb5 54. Rh8 Rb6 55. Rxh7 g5 56. Rh8 Kg6 57. Kg3 Rb4 58. f3 Rb6 59. h7 Kg7 60. Re8 Kxh7 61.
Rxe5 Kg6 62. Rc5 Rc6 63. Rd5 Rc8 64. Rb5 Rb8 65. Rb6+ Kg7 66. Kg4 f6 67. Kf5 Rc8 68. Rxb7+ Kh6 69. Kxf6 Rf8+ 70. Rf7 Rc8 71. e5 Rc6+ 72.
e6 Rc3 73. Ke7 Re3 74. Kd7 Rd3+ 75. Ke8 Kg6 76. e7 Ra3 77. Rf8 Ra8+ 78. Kd7 Ra7+ 79. Kd6 Ra6+ 80. Kd5 Ra5+ 81. Kd4 Ra4+ 82. Ke3 Ra3+ 83.
Kf2 Ra8 84. Rxa8 1-0

[Event "Early-Titled-Tuesday-Blitz-February-20-2024"]
[Site "Chess.com"]
[Date "2024.02.20"]
[Round "1"]
[White "ansko1999"]
[Black "Al_Shima"]
[Result "0-1"]
[WhiteElo "2688"]
[BlackElo "2389"]
[TimeControl "180+1"]
[EndTime "8:09:22 PST"]
[Termination "Al_Shima won by checkmate"]

1. Nf3 d5 2. e3 c5 3. b3 Nc6 4. Bb2 a6 5. d4 cxd4 6. Nxd4 Nf6 7. Nd2 e5 8. Nxc6 bxc6 9. Bxe5 Bb4 10. c3 Ba5 11. b4 Bb6 12. Bd4 O-O 13. Bd3 a5 14. a3 Re8 15. Bxb6 Qxb6 16. O-O Bg4 17. Qc2 h6 18. h3 Bd7 19. Nb3 axb4 20. axb4 Qc7 21.
Nc5 Qe5 22. b5 Rac8 23. b6 Qg5 24. Nxd7 Nxd7 25. Bf5 Nxb6 26. Bxc8 Rxc8 27. e4 Nc4 28. exd5 cxd5 29. Rfd1 Ne5 30. Kh1 Nc4 31.
Qd3 Nb2 32. Qa6 Rd8 33. Re1 Qf5 34. Kg1 Nd3 35. Re2 Nf4 36. Re3 h5 37. Rf3 h4 38.
Qb6 Rc8 39. Rd1 Qg5 40. Rxf4 Qxf4 41. Qd4 Qxd4 42. Rxd4 Rxc3 43. Rxd5 Rc4 44. Rh5 g6 45. Ra5 Kg7 46. f3 Rc1+ 47. Kf2 Rc2+ 48. Kg1 Rc1+ 49.
Kh2 Rc4 50. Rd5 Kf6 51. Rd6+ Kg7 52. Rd7 Kf6 53. Kg1 Rc1+ 54. Kf2 Rc2+ 55. Kf1 Rc1+ 56. Ke2 Rc2+ 57. Kf1 Rc1+ 58. Kf2 Rc2+ 59. Kg1 Rc1+ 60. Kh2 Rc4 61. Rd2 Kg7 62. Kg1 Kf6 63. Kf2 Kg7 64.
Ke3 Rc3+ 65. Ke4 Rc4+ 66. Kd3 Rf4 67. Rc2 Rf5 68. Rc4 Rg5 69. Rg4 Rd5+ 70. Ke3 Rh5 71.
Ke4 f5+ 72. Kf4 fxg4 73. fxg4 Ra5 74. Kf3 g5 75. g3 Ra3+ 76. Ke4 Rxg3 77. Kf5 Rxh3 78. Kxg5 Rh1 79. Kf4 h3 80. Kg3 Kg6 81. Kf2 Kg5 82. Kg3 Ra1 83. Kxh3 Ra3+ 84. Kg2 Kxg4 85.
Kf2 Kf4 86. Ke2 Ke4 87. Kd2 Rd3+ 88. Kc2 Kd4 89. Kb2 Rc3 90. Ka2 Kc4 91. Kb2 Kb4 92. Ka2 Rb3 93. Ka1 Kc3 94. Ka2 Kc2 95. Ka1 Ra3# 0-1

[Event "Early-Titled-Tuesday-Blitz-February-20-2024"]
[Site "Chess.com"]
[Date "2024.02.20"]
[Round "1"]
[White "TioCridineno"]
[Black "Yan_Dyomin2010"]
[Result "1/2-1/2"]
[WhiteElo "2410"]
[BlackElo "2730"]
[TimeControl "180+1"]
[EndTime "8:09:34 PST"]
[Termination "Game drawn - insufficient material"]

1. e4 c5 2. Nf3 Nc6 3. Bb5 Nf6 4.
Nc3 Qc7 5. O-O Nd4 6. Bc4 e6 7. Re1 d6 8. a4 a6 9. d3 Be7 10. Bf4 Nxf3+ 11. Qxf3 O-O 12. e5 dxe5 13. Bxe5 Qd8 14.
Rad1 Bd7 15. Ne4 Bc6 16. Bxf6 gxf6 17. Qe3 Qd4 18. Qxd4 cxd4 19. Bb3 f5 20. Nd2 Bf6 21. Nc4 Rad8 22. Ne5 Bd5 23. f4 Bxb3 24. cxb3 Bxe5 25. fxe5 Rc8 26. Rc1 b5 27. Kf2 Rfd8 28. Kf3 Kf8 29. Kf4 Ke7 30. h3 Rg8 31. g4 fxg4 32. hxg4 Kd7 33.
Rh1 Rxc1 34. Rxc1 bxa4 35. bxa4 Rb8 36. Rc4 Rxb2 37. Rxd4+ Ke7 38. Rc4 Kf8 39. Kg5 Kg7 40. d4 Ra2 41. Rb4 a5 42. Rc4 Ra3 43. Kh5 h6 44.
Kh4 Kg6 45. d5 exd5 46. Rd4 Ra2 47. Kg3 Kg7 48. Kf4 Rf2+ 49. Kg3 Ra2 50. Kf4 Kf8 51. Kf5 Ke7 52. Rxd5 Rf2+ 53. Ke4 Re2+ 54. Kf4 Rf2+ 55. Ke3 Ra2 56. Rxa5 Ke6 57. Kf4 Rf2+ 58. Kg3 Ra2 59. Kf4 Rf2+ 60. Ke3 Ra2 61. Ke4 Re2+ 62. Kf4 Ra2 63.
Ra6+ Ke7 64. a5 Ra4+ 65. Kf5 Ra1 66. Ra7+ Kf8 67. a6 Rf1+ 68. Ke4 Ra1 69. Ra8+ Kg7 70. Kd5 Ra4 71. a7 Kh7 72. Kc6 Ra1 73. Kb6 Rb1+ 74.
Kc7 Rc1+ 75. Kd7 Ra1 76. Ke7 Kg7 77. Ke8 Ra5 78. e6 fxe6 79. Kd7 e5 80. Kc6 Ra1 81. Re8 Rxa7 82. Rxe5 Rf7 83. g5 Kg6 84. gxh6 Kxh6 85. Re6+ Kg7 86. Kd6 Rf6 87. Rxf6 Kxf6 1/2-1/2